 Dungeon Crawl Stone Soup version 0.30.1-6-gbe392663c4 (webtiles) character file.

Game seed: 14958557974515381333

1557221 LordWeiramon the Acrobat (level 26, 226/226 HPs)
             Began as a Vampire Fire Elementalist on Sept 21, 2023.
             Was a High Priest of Ashenzari.
             Escaped with the Orb
             ... and 3 runes on Sept 22, 2023!
             The game lasted 09:30:06 (82475 turns).

LordWeiramon the Acrobat (VpFE)                    Turns: 82475, Time: 09:30:07

Health: 226/226    AC: 27    Str:  9    XL:     26   Next: 87%
Magic:  33/33      EV: 42    Int: 15    God:    Ashenzari [*****.]
Gold:   2124       SH: 25    Dex: 33    Spells: 25/38 levels left

rFire   + . .        a - +8 rapier "Share My Soothsayer" {speed, Fort, Melee} (curse)
rCold   + . .        U - +5 kite shield "Free Will of Ashenzari" {Will+, Self, Range} (curse)
rNeg    + + .        O - +6 acid dragon scales "Eternal Submission" {rCorr, Cun, Fort} (curse)
rPois   +            b - -2 hat of the Alchemist {rElec rPois rF+ rC+ rN+ Will+ rMut rCorr, Self, Melee} (curse)
rElec   +            n - +2 cloak "Bound Fallacy" {Fort, Comp} (curse)
rCorr   +            D - +2 pair of gloves "Overhang to Understand" {Cun, Bglg} (curse)
SInv    +            f - +1 pair of boots "Ruined With Me" {Fly rN+ Will+ Int-2, Range, Fort} (curse)
Will    +++++        Q - necklace of Bloodlust {Fury *Rage Will++ Int-3 Slay+6, Melee, Bglg} (curse)
Stlth   ++++         w - ring "Eternal With Me" {rElec Str+2 Dex+3 Slay+4, Range, Fort} (curse)
HPRegen 0.77/turn    X - +6 ring of dexterity
MPRegen 0.23/turn

%: clarity, resist mutation
@: flying, healing quickly
A: alive, fangs 3, see invisible, vampiric 2, subdued magic 2
0: Orb of Zot
}: 3/15 runes: serpentine, barnacled, silver
a: Exsanguinate, Renounce Religion, Shatter the Chains


You escaped.
You worshipped Ashenzari.
Ashenzari was extremely pleased with you.
You visited 10 branches of the dungeon, and saw 48 of its levels.
You visited 1 bazaar.
You also visited: Ice Cave and Wizlab.

You collected 10107 gold pieces.
You spent 7983 gold pieces at shops.

Inventory:

Hand Weapons
 a - the cursed +8 rapier "Share My Soothsayer" (weapon) {speed, Fort, Melee}
   (You took it off a deep elf death mage on level 3 of the Elven Halls)

   It has a curse which improves the following skills: Fortitude: Armour and
   Shields.
   Melee Combat: Short Blades, Long Blades, Axes, Maces & Flails, Polearms,
   Staves and Unarmed Combat.
Missiles
 u - 26 poisoned darts
 M - 10 throwing nets (quivered)
 V - 9 curare-tipped darts
Armour
 b - the cursed -2 hat of the Alchemist (worn) {rElec rPois rF+ rC+ rN+ Will+ rMut rCorr, Self, Melee}
   (You bought it in a shop on level 7 of the Dungeon)

   rF:        It protects you from fire.
   rC:        It protects you from cold.
   rElec:     It insulates you from electricity.
   rPois:     It protects you from poison.
   rN:        It protects you from negative energy.
   rCorr:     It protects you from acid and corrosion.
   rMut:      It protects you from mutation.
   Will:      It increases your willpower.
   It has a curse which improves the following skills: Introspection: Fighting
   and Spellcasting.
   Melee Combat: Short Blades, Long Blades, Axes, Maces & Flails, Polearms,
   Staves and Unarmed Combat.
 f - the cursed +1 pair of boots "Ruined With Me" (worn) {Fly rN+ Will+ Int-2, Range, Fort}
   (You bought it in a shop in a bazaar)

   Int:       It affects your intelligence (-2).
   rN:        It protects you from negative energy.
   Fly:       It grants you flight.
   Will:      It increases your willpower.
   It has a curse which improves the following skills: Ranged Combat: Ranged
   Weapons and Throwing.
   Fortitude: Armour and Shields.
 n - the cursed +2 cloak "Bound Fallacy" (worn) {Fort, Comp}
   (You took it off a draconian stormcaller on level 4 of the Depths)

   It has a curse which improves the following skills: Fortitude: Armour and
   Shields.
   Companions: Summonings and Necromancy.
 D - the cursed +2 pair of gloves "Overhang to Understand" (worn) {Cun, Bglg}
   (You bought it in a shop on level 5 of the Dungeon)

   It has a curse which improves the following skills: Cunning: Dodging and
   Stealth.
   Beguiling: Conjurations, Hexes and Translocations.
 O - the cursed +6 acid dragon scales "Eternal Submission" (worn) {rCorr, Cun, Fort}
   (You took it off Maggie on level 7 of the Dungeon)

   rCorr:     It protects you from acid and corrosion.
   It has a curse which improves the following skills: Cunning: Dodging and
   Stealth.
   Fortitude: Armour and Shields.
 U - the cursed +5 kite shield "Free Will of Ashenzari" (worn) {Will+, Self, Range}
   (You bought it in a shop on level 5 of the Dungeon)

   Will:      It increases your willpower.
   It has a curse which improves the following skills: Introspection: Fighting
   and Spellcasting.
   Ranged Combat: Ranged Weapons and Throwing.
Jewellery
 p - a ring of protection from fire
 w - the cursed ring "Eternal With Me" (left hand) {rElec Str+2 Dex+3 Slay+4, Range, Fort}
   (You found it on level 4 of the Snake Pit)

   [ring of slaying]

   Str:       It affects your strength (+2).
   Dex:       It affects your dexterity (+3).
   Slay:      It affects your accuracy & damage with ranged weapons and melee
   (+4).
   rElec:     It insulates you from electricity.
   It has a curse which improves the following skills: Ranged Combat: Ranged
   Weapons and Throwing.
   Fortitude: Armour and Shields.
 y - the ring of Qiebryjuc {rC+ EV+5 Str+4 Stlth+}
   (You took it off a deep elf death mage on level 3 of the Elven Halls)

   [ring of evasion]

   EV:        It affects your evasion (+5).
   Str:       It affects your strength (+4).
   rC:        It protects you from cold.
   Stlth:     It makes you more stealthy.
 C - a ring of flight
 Q - the cursed necklace of Bloodlust (around neck) {Fury *Rage Will++ Int-3 Slay+6, Melee, Bglg}
   (You found it on level 4 of the Shoals)

   [amulet of nothing]

   Fury:      It extends the wearer's berserk rage when killing foes.
   Int:       It affects your intelligence (-3).
   Slay:      It affects your accuracy & damage with ranged weapons and melee
   (+6).
   *Rage:     It berserks you when you make melee attacks (+50% chance).
   Will:      It greatly increases your willpower.
   It has a curse which improves the following skills: Melee Combat: Short
   Blades, Long Blades, Axes, Maces & Flails, Polearms, Staves and Unarmed
   Combat.
   Beguiling: Conjurations, Hexes and Translocations.
 X - a +6 ring of dexterity (right hand)
Wands
 m - a wand of roots (32)
 t - a wand of charming (66)
 A - a wand of polymorph (23)
 K - a wand of flame (98)
 L - a wand of digging (45)
 T - a wand of acid (40)
 Z - a wand of mindburst (28)
Scrolls
 g - 4 scrolls of blinking
 k - 11 scrolls of fear
 q - 11 scrolls of poison
 s - 10 scrolls of fog
 F - 7 scrolls of magic mapping
 G - 9 scrolls of butterflies
 S - 9 scrolls of enchant armour
 W - 38 scrolls of teleportation
Potions
 c - 3 potions of invisibility
 e - 3 potions of resistance
 i - 7 potions of haste
 j - 14 potions of curing
 l - 7 potions of ambrosia
 o - 17 potions of flight
 v - 12 potions of mutation
 z - 12 potions of heal wounds
 I - 10 potions of brilliance
 N - 3 potions of cancellation
 R - 2 potions of might
Miscellaneous
 d - a phial of floods
 h - a phantom mirror
 E - a lightning rod (4/4)
 J - a box of beasts
 Y - a condenser vane


   Skills:
 + Level 19.6(22.5) Fighting
 - Level 24.4(27) Short Blades
 - Level 3.0(6.4) Throwing
 - Level 17.9(23.5) Armour
 - Level 24.5(27) Dodging
 - Level 24.0(26.7) Stealth
 - Level 16.0(21.7) Shields
 - Level 4.0(6.8) Spellcasting
 - Level 0.6(2.0) Conjurations
 - Level 17.7(20.7) Hexes
 - Level 1.4 Transmutations
 - Level 2.4 Fire Magic
 - Level 4.0 Ice Magic
 - Level 8.0 Air Magic
 - Level 1.3 Earth Magic
 - Level 5.0 Evocations


You had 25 spell levels left.
You knew the following spells:

 Your Spells              Type           Power      Damage    Failure   Level
a - Passwall              Tmut/Erth      4%         N/A       16%         2
b - Ensorcelled Hibernat  Hex/Ice        52%        N/A       1%          2
c - Tukima's Dance        Hex            42%        N/A       0%          3
g - Apportation           Tloc           8%         N/A       16%         1
s - Silence               Hex/Air        15%        N/A       1%          5

Your spell library contained the following spells:

 Spells                   Type           Power      Damage    Failure   Level
 Slow                     Hex            100%       N/A       0%          1
 Confusing Touch          Hex            42%        N/A       0%          3
 Cause Fear               Hex            21%        N/A       0%          4
 Shock                    Conj/Air       48%        1d6       1%          1
 Dazzling Flash           Conj/Hex       48%        N/A       1%          3
 Inner Flame              Hex/Fire       24%        N/A       1%          3
 Portal Projectile        Hex/Tloc       46%        N/A       1%          3
 Summon Guardian Golem    Hex/Summ       22%        N/A       1%          3
 Swiftness                Air            18%        N/A       1%          3
 Fulminant Prism          Conj/Hex       12%        3d9       1%          4
 Leda's Liquefaction      Hex/Erth       11%        N/A       1%          4
 Freeze                   Ice            40%        1d6       2%          1
 Metabolic Englaciation   Hex/Ice        13%        N/A       2%          5
 Poisonous Vapours        Pois/Air       20%        N/A       4%          2
 Yara's Violent Unravell  Hex/Tmut       12%        3d7       4%          5
 Foxfire                  Conj/Fire      28%        2x1d5     6%          1
 Airstrike                Air            9%         2d(2-18)  6%          4
 Summon Mana Viper        Hex/Summ       22%        N/A       6%          5
 Magic Dart               Conj           28%        1d4       7%          1
 Cigotuvi's Dreadful Rot  Necr/Pois/Air  16%        N/A       8%          2
 Vhi's Electric Charge    Tloc/Air       22%        N/A       9%          3
 Beastly Appendage        Tmut           10%        N/A       10%         1
 Scorch                   Fire           14%        2d6       10%         2
 Frozen Ramparts          Ice            20%        1d4       10%         3
 Ozocubu's Armour         Ice            10%        N/A       10%         3
 Kiss of Death            Conj/Necr      20%        2d7       11%         1
 Searing Ray              Conj           14%        2d5       11%         2
 Mephitic Cloud           Conj/Pois/Air  9%         N/A       13%         3
 Wereblood                Tmut           5%         N/A       14%         2
 Necrotise                Necr           12%        1d4       16%         1
 Summon Small Mammal      Summ           12%        N/A       16%         1
 Momentum Strike          Conj/Tloc      10%        3d8       16%         2
 Hailstorm                Conj/Ice       8%         3d4       16%         3
 Call Imp                 Summ           6%         N/A       26%         2
 Sublimation of Blood     Necr           3%         N/A       26%         2
 Stone Arrow              Conj/Erth      12%        3d7       28%         3
 Volatile Blastmotes      Fire/Tloc      10%        2d10      30%         3
 Ignite Poison            Fire/Tmut/Pois 5%         N/A       32%         3
 Summon Lightning Spire   Summ/Air       10%        N/A       32%         4
 Spider Form              Tmut/Pois      4%         N/A       41%         3
 Gell's Gravitas          Tloc           4%         N/A       45%         3
 Teleport Other           Tloc           4%         N/A       45%         3
 Call Canine Familiar     Summ           3%         N/A       47%         3
 Vampiric Draining        Necr           3%         2d6       47%         3
 Ice Form                 Ice/Tmut       8%         N/A       54%         4
 Arcjolt                  Conj/Air       6%         1d16      56%         5
 Flame Wave               Conj/Fire      7%         2d5       61%         4
 Sticky Flame             Conj/Fire      7%         2d3       61%         4
 Freezing Cloud           Conj/Ice/Air   6%         6-21      63%         5
 Petrify                  Tmut/Erth      5%         N/A       73%         4
 Iskenderun's Mystic Bla  Conj/Tloc      5%         2d3       77%         4
 Animate Armour           Summ/Erth      8%         N/A       82%         4
 Manifold Assault         Tloc           4%         N/A       87%         4
 Passage of Golubria      Tloc           4%         N/A       87%         4
 Dispel Undead            Necr           3%         3d7       88%         4
 Olgreb's Toxic Radiance  Pois           3%         N/A       90%         4
 Fireball                 Conj/Fire      3%         3d4       92%         5
 Iskenderun's Battlesphe  Conj           7%         2d6       94%         5
 Irradiate                Conj/Tmut      3%         3d12      96%         5
 Blade Hands              Tmut           2%         N/A       97%         5
 Plasma Beam              Fire/Air       6%         2x1d18    98%         6
 Agony                    Necr           3%         N/A       99%         5
 Alistair's Intoxication  Tmut/Pois      2%         N/A       99%         5
 Borgnjor's Vile Clutch   Necr/Erth      2%         N/A       99%         5
 Summon Forest            Summ/Tloc      1%         N/A       99%         5
 Death Channel            Necr           1%         N/A       100%        6
 Dispersal                Tloc           2%         N/A       100%        6
 Eringya's Noxious Bog    Tmut/Pois      2%         N/A       100%        6
 Iron Shot                Conj/Erth      3%         9d2       100%        6
 Simulacrum               Ice/Necr       3%         N/A       100%        6
 Starburst                Conj/Fire      3%         6d3       100%        6
 Statue Form              Tmut/Erth      3%         N/A       100%        6
 Summon Cactus Giant      Summ           1%         N/A       100%        6
 Dragon Form              Tmut           2%         N/A       100%        7
 Haunt                    Necr/Summ      1%         N/A       100%        7
 Orb of Destruction       Conj           3%         9d5       100%        7
 Ozocubu's Refrigeration  Ice            5%         4d8       100%        7
 Spellforged Servitor     Conj/Summ      2%         N/A       100%        7
 Storm Form               Tmut/Air       6%         N/A       100%        7
 Summon Hydra             Summ           1%         N/A       100%        7
 Disjunction              Tloc           2%         N/A       100%        8
 Infestation              Necr           1%         N/A       100%        8
 Lehudib's Crystal Spear  Conj/Erth      3%         10d2      100%        8
 Maxwell's Capacitive Co  Air            9%         ∞         100%        8
 Chain Lightning          Conj/Air       6%         3d8       100%        9
 Dragon's Call            Summ           1%         N/A       100%        9


Dungeon Overview and Level Annotations

Branches:
Dungeon (15/15)            Temple (1/1) D:7            Lair (5/5) D:9
 Shoals (4/4) Lair:2        Snake (4/4) Lair:2        Slime (0/5) Lair:4
    Orc (2/2) D:11            Elf (3/3) Orc:2        Vaults (5/5) D:13
  Crypt (0/3) Vaults:3     Depths (4/4) D:15            Zot (5/5) Depths:4
  IceCv (visited)          WizLab (visited)

Altars:
Ashenzari
Cheibriados
Dithmenos
Fedhas
Gozag
Hepliaklqana
Kikubaaqudgha
Makhleb
Nemelex Xobeh
Okawaru
Qazlal
Ru
Sif Muna
Trog
Uskayaw
Vehumet
Wu Jian
Xom
Yredelemnul
Jiyva
Lugonu

Shops:
D:1 ?(   D:5 *([*(   D:7 [   D:14 **   Orc:2 ([[[   Elf:1 [   Snake:4 :
Vaults:1 =   Vaults:2 (   Vaults:4 ?:=   Depths:3 =:=

Portals:
Hell: Depths:1 Depths:2 Depths:3 Depths:4
Abyss: Lair:5 Depths:2 Depths:3 Depths:4
Pandemonium: Depths:1 Depths:2 Depths:3
Ziggurat: Depths:2


Innate Abilities, Weirdness & Mutations

Your natural rate of healing is accelerated.
You have razor-sharp teeth.
You have supernaturally acute eyesight. (SInv)
You are afflicted with vampirism and can become a bat while bloodless.
Your spells are easier to cast, but less powerful.


Message History

A hellwing comes into view.
The hellwing barely misses you. The hellwing misses you.
You hit the hellwing.
The hellwing is lightly wounded.
You hit the hellwing but do no damage. Your bite misses the hellwing.
The hellwing is lightly wounded.
You hit the hellwing but do no damage. Your bite misses the hellwing.
The hellwing is lightly wounded.
You block the hellwing's attack. x2
You hit the hellwing but do no damage.
You bite the hellwing, but do no damage.
The hellwing is lightly wounded.
You impale the hellwing!!
The hellwing is heavily wounded.
You block the hellwing's attack. The hellwing completely misses you.
You hit the hellwing.
The hellwing is severely wounded.
You puncture the hellwing!
You kill the hellwing!
(D) Dungeon (T) Temple (L) Lair (A) Shoals (P) Snake Pit (M) Slime Pits (O) Orcish Mines (E) Elven Halls (V) Vaults (C) Crypt (U) Depths (H) Hell (Z) Zot
Where to? (Enter - D:1 @ (x,y), ? - help)
An Ice Fiend comes into view.
The Ice Fiend gestures at you. The bolt of cold misses you.
Blink to where?
Press: ? - help, Dir - move target
As you read the scroll of blinking, it crumbles to dust.
Casting: Silence (mildly dangerous; 1% risk of failure)
Confirm with . or Enter, or press ? or * to list all spells.
Aiming: Apportation (safe; 16% risk of failure)
Press: ? - help, Dir - move target, f - you
Okay, then.
Unknown command.
Blink to where?
Press: ? - help, Dir - move target
As you read the scroll of blinking, it crumbles to dust.
You have escaped!

#....##...##....#.#######...###
#....##.#.#####.#......####...#
#........................####.###
#....##...#######..###.#...##...#
#....##.#.#≈≈≈≈≈...# #.###..###.#
.....##.#.≈≈≈≈≈....# #.# ##.###.#
.....##.#.≈≈≈≈~....# #.# #......
......#.#.≈≈≈~≈....###.#########.
####.####(≈≈..≈.@...............[
........#.≈≈≈.......##.#########.
####.##.#.≈≈≈.......##.# #.
#.##.#.X≈≈...≈...##.# #.
#.##.#.#≈≈≈≈≈≈≈#.##.# #.
#..#.#.#≈≈≈≈≈≈≈#.##.#########.
####..#.#.#########.##.#...^.....
......#.#.........#.##.#.........
......#.#.#.###..##.##.#.........


You could see an Orb Guardian.

Vanquished Creatures
  3 dread liches
  3 ancient liches
  7 orbs of fire (Zot:5)
  Mara (Shoals:4)
  2 juggernauts
  Josephina (Depths:3)
  Bai Suzhen (Vaults:5)
  3 Killer Klowns (Zot:5)
  Frederick (Vaults:4)
  Saint Roka (Orc:2)
  2 curse toes
  A pandemonium lord (Zot:4)
  7 golden dragons
  A caustic shrike (Depths:4)
  3 bone dragons
  3 doom hounds (Depths:3)
  3 electric golems
  26 Orb Guardians
  15 tentacled monstrosities
  Grunn (Depths:3)
  13 quicksilver dragons
  7 titans
  Mlioglotl (Snake:4)
  4 liches
  4 deep elf blademasters
  3 walking frostbound tomes (Depths:4)
  2 Executioners
  A walking divine tome (Depths:1)
  A deep elf master archer (Elf:3)
  2 acid blobs (Lair:5)
  6 sphinxes
  14 death cobs
  Kirke (Snake:1)
  Polyphemus (Shoals:3)
  Frances (Snake:1)
  Agnes (D:14)
  A kraken (Shoals:1)
  Gastronok (Lair:3)
  9 tengu reavers
  Ilsuiw (Shoals:2)
  6 draconian monks
  18 shadow dragons
  3 draconian knights
  Donald (Snake:1)
  2 nagarajas
  3 azure jellies (Lair:5)
  7 storm dragons
  12 fire giants
  15 frost giants
  25 vault wardens
  Aizul (Lair:2)
  7 deep elf sorcerers
  8 draconian scorchers
  A balrug (Depths:4)
  A ghost moth (Zot:4)
  3 iron dragons (Vaults:5)
  6 deep elf elementalists (Elf:3)
  10 draconian stormcallers
  2 reapers
  2 spriggan defenders
  8 draconian shifters
  2 orc warlords (Vaults:3)
  5 draconian annihilators
  21 stone giants
  20 ironbound preservers
  A quicksilver ooze (Vaults:4)
  38 very ugly things
  3 war gargoyles
  14 green draconians
  8 deep elf demonologists
  The ghost of Teddeol the Severer, a journeyman NaRe of Uskayaw (Lair:3)
  The ghost of hawkwood the Basher, a journeyman DgAr (Lair:5)
  A vampire knight (Depths:1)
  11 red draconians
  7 ironbound thunderhulks
  13 black draconians
  The ghost of Nyzic the Grappler, a journeyman TrMo (Lair:4)
  The ghost of duckroller the Severer, a journeyman HOMo of Beogh (Orc:1)
  22 purple draconians
  16 white draconians
  10 dire elephants
  9 yellow draconians
  4 spark wasps
  7 deep elf annihilators
  4 minotaurs
  9 statues (WizLab)
  7 merfolk impalers
  6 deep elf death magi
  13 ettins
  2 blizzard demons
  8 great orbs of eyes
  3 merfolk javelineers
  6 deep elf high priests
  A fire dragon (shapeshifter) (Depths:1)
  4 fire dragons
  6 salamander tyrants
  2 entropy weavers
  14 yaktaur captains
  4 rakshasas
  7 hydras
  39 vault guards
  7 alligator snapping turtles
  2 merfolk aquamancers
  3 spriggan air magi
  4 merfolk avatars
  2 ogre magi (Vaults:5)
  8 anacondas
  4 centaur warriors
  9 ice dragons
  17 ironbound frosthearts
  36 dancing weapons
  6 two-headed ogres
  A satyr (shapeshifter) (Vaults:5)
  A death yak (Shoals:2)
  6 naga warriors
  8 deep troll shamans
  11 tengu warriors
  A two-headed ogre (shapeshifter) (Depths:1)
  4 boulder beetles
  4 catoblepae
  3 deep troll earth magi
  9 satyrs
  5 hell hogs (Depths:4)
  11 hell knights
  2 spriggan berserkers
  5 naga sharpshooters
  9 shock serpents
  Urug (Lair:2)
  3 thrashing horrors (Lair:5)
  8 soul eaters
  11 sun demons
  23 deep elf knights
  A fire crab (D:9)
  7 iron trolls
  A sixfirhy (Depths:3)
  4 skysharks
  3 shadow wraiths (Depths:4)
  A storm dragon skeleton (Zot:4)
  14 sea snakes
  3 skeletal warriors (Depths:4)
  5 glowing orange brains
  2 shadow demons (Zot:4)
  7 naga ritualists
  40 deep trolls
  2 quicksilver dragon simulacra (Depths:4)
  9 wizards
  5 salamander mystics
  A glowing orange brain (shapeshifter) (Elf:2)
  A swamp dragon (shapeshifter) (D:15)
  12 deep elf archers
  12 lindwurms
  24 harpies
  24 ironbound convokers
  5 phantasmal warriors (Vaults:5)
  Pikel (D:7)
  An orange crystal statue (Shoals:3)
  A lindwurm (shapeshifter) (Vaults:5)
  7 mana vipers
  6 orc knights
  39 deep elf pyromancers
  26 deep elf zephyrmancers
  4 necromancers
  A wolf spider (shapeshifter) (Depths:2)
  A tengu skeleton (Vaults:1)
  2 shining eyes (Depths:3)
  47 ugly things
  3 cyclopes
  8 orc sorcerers
  25 moths of wrath
  16 salamanders
  15 fauns
  18 manticores
  An elephant (shapeshifter) (Depths:4)
  A centaur zombie (D:15)
  A moth of wrath (shapeshifter) (Vaults:3)
  8 merfolk sirens
  21 naga magi
  5 large abominations
  14 vault sentinels
  32 black mambas
  6 water nymphs
  9 elephants
  2 eyes of devastation
  10 guardian serpents
  2 centaur skeletons (D:15)
  A gargoyle (D:12)
  Maggie (D:7)
  3 smoke demons (Lair:5)
  An ice statue (Depths:4)
  A storm dragon simulacrum (Depths:3)
  32 yaktaurs
  2 ice devils
  2 rime drakes
  A tormentor (D:2)
  A hellion (Depths:3)
  A yaktaur (shapeshifter) (Vaults:5)
  8 cane toads
  A golden dragon simulacrum (Depths:3)
  7 freezing wraiths
  2 ancient zymes (Lair:5)
  12 komodo dragons
  18 tengu conjurers
  A troll (shapeshifter) (Elf:1)
  10 trolls
  8 wind drakes
  19 merfolk
  A red devil (Depths:2)
  6 meliai
  A shadow dragon simulacrum (Depths:3)
  4 polar bears
  A hornet (shapeshifter) (Elf:3)
  A sphinx simulacrum (Depths:3)
  A tarantella (Vaults:3)
  9 hornets
  25 blink frogs
  18 dream sheep
  A hellwing (D:1)
  A snapping turtle (shapeshifter) (Vaults:5)
  A harpy skeleton (D:15)
  A tarantella (shapeshifter) (D:15)
  10 snapping turtles
  A human simulacrum (Vaults:1)
  53 slime creatures
  A spriggan (shapeshifter) (Lair:5)
  A shadow (D:11)
  8 spriggans
  A ynoxinul (Lair:5)
  2 air elementals
  7 centaur simulacra
  7 basilisks
  10 small abominations
  12 water elementals
  2 vampires
  A human (shapeshifter) (Elf:2)
  A wraith (D:10)
  52 yaks
  4 wyverns
  A fire elemental (Elf:2)
  2 chaos spawn (Lair:5)
  5 neqoxecs
  A steam dragon (Lair:3)
  8 vampire mosquitoes
  2 redbacks (Vaults:3)
  10 wargs
  4 acid dragons
  24 nagas
  A hell hound (Depths:3)
  A human skeleton (Vaults:1)
  18 water moccasins
  A glowing shapeshifter skeleton (Vaults:1)
  A floating eye (Depths:2)
  6 ice beasts
  27 orc warriors
  A sky beast (shapeshifter) (Vaults:5)
  An ettin simulacrum (Depths:4)
  10 wolves
  7 ogres
  4 boggarts (D:15)
  19 centaurs
  2 kobold brigands
  11 bullfrogs
  Blork the orc (D:5)
  A cane toad simulacrum (IceCv)
  A two-headed ogre simulacrum (D:11)
  A scorpion (D:4)
  6 wights
  18 killer bees
  6 electric eels
  2 lava snakes (D:10)
  2 quasits (Orc:1)
  5 hounds
  16 orc priests
  2 gnoll boudas
  4 jellies
  Jessica (D:3)
  3 sleepcaps
  Terence (D:2)
  4 iguanas
  35 orc wizards
  2 spriggan simulacra (D:11)
  3 troll simulacra (D:11)
  A wolf simulacrum (IceCv)
  Robin (D:3)
  11 gnolls
  4 adders
  2 white imps (D:11)
  4 ufetubi
  3 dart slugs
  79 orcs
  2 bats (D:2)
  12 endoplasms
  7 giant cockroaches
  23 goblins
  6 hobgoblins
  8 jackals
  15 kobolds
  4 quokkas
  5 ball pythons
  2 frilled lizards
  3 rats
  A tentacle (Shoals:1)
2241 creatures vanquished.

Vanquished Creatures (collateral kills)
  A deep elf master archer (Elf:3)
  2 death yaks (Shoals:2)
  An ugly thing (Lair:5)
  A gargoyle (D:9)
  2 merfolk (Shoals:4)
  A vampire mosquito (D:9)
  A centaur (D:13)
  A foxfire (D:1)
10 creatures vanquished.

Vanquished Creatures (others)
  A red draconian (Zot:3)
  A vampire mage (Depths:3)
  A wizard (Vaults:1)
  2 humans (Snake:1)
  2 ettin simulacra (Depths:4)
  2 wolves (Lair:1)
  An orc wizard (Orc:1)
  145 foxfires
  36 tentacles (Shoals:1)
191 creatures vanquished.

Grand Total: 2442 creatures vanquished

Notes
Turn   | Place    | Note
-------+----------+-------------------------------------------
     0 | D:1      | LordWeiramon the Vampire Fire Elementalist began the quest
                  | for the Orb.
     0 | D:1      | Reached XP level 1. HP: 13/13 MP: 3/3
    98 | D:1      | Noticed a +0 demon trident
   100 | D:1      | Found Loxumn's Weapon Emporium.
   101 | D:1      | Noticed a +0 demon whip
   169 | D:1      | Reached skill level 1 in Short Blades
   229 | D:1      | Reached XP level 2. HP: 20/20 MP: 1/5
   282 | D:1      | Found a faded altar of an unknown god.
   282 | D:1      | Noticed a crimson imp
   371 | D:1      | Found Lisap's Magic Scroll Boutique.
   395 | D:1      | Bought a scroll of teleportation for 42 gold pieces
   416 | D:1      | Bought a scroll of noise for 14 gold pieces
  1199 | D:2      | Gained mutation: You are afflicted with vampirism and can
                  | become a bat while bloodless. [Vampire growth]
  1199 | D:2      | Reached XP level 3. HP: 25/25 MP: 2/6
  1294 | D:1      | Bought a scroll of identify for 28 gold pieces
  1967 | D:2      | Noticed Terence
  2144 | D:1      | Bought a scroll of fog for 56 gold pieces
  2247 | D:3      | Noticed Jessica
  2543 | D:3      | Found a sacrificial altar of Ru.
  2864 | D:3      | Reached XP level 4. HP: 31/31 MP: 7/7
  2871 | D:3      | Killed Jessica
  3069 | D:3      | Reached skill level 1 in Fighting
  3307 | D:3      | Noticed Robin
  3352 | D:3      | Killed Robin
  3395 | D:3      | Reached XP level 5. HP: 37/37 MP: 4/8
  3662 | D:4      | Reached skill level 5 in Short Blades
  3764 | D:1      | Bought a scroll of identify for 28 gold pieces
  3764 | D:1      | Bought a scroll of identify for 28 gold pieces
  3961 | D:4      | Noticed an ogre
  4080 | D:4      | Killed an ogre
  4239 | D:4      | Reached XP level 6. HP: 43/43 MP: 9/9
  4273 | D:4      | Reached skill level 1 in Throwing
  4531 | D:1      | Bought a scroll of immolation for 56 gold pieces
  4601 | D:2      | Killed Terence
  4660 | D:5      | Entered Level 5 of the Dungeon
  4691 | D:5      | Found Ogyimner's Assorted Antiques.
  4692 | D:5      | Found Tafalohe's Armour Shop.
  4796 | D:5      | Noticed Blork the orc
  4803 | D:5      | Killed Blork the orc
  4862 | D:5      | Found Coegonea's Antique Weapon Shop.
  4863 | D:5      | Found Leymyoro's General Store.
  4954 | D:5      | Reached XP level 7. HP: 35/48 MP: 10/10
  5012 | D:5      | Found a hide-covered altar of Uskayaw.
  5195 | D:5      | Found Amopsuet's Antique Weapon Shoppe.
  5300 | D:5      | Bought a clear potion for 16 gold pieces
  5300 | D:5      | Bought a scroll labelled XIYCHOPSIR for 18 gold pieces
  5838 | D:6      | Reached XP level 8. HP: 56/56 MP: 11/11
  5914 | D:5      | Bought a +0 pair of boots for 49 gold pieces
  6050 | D:6      | Reached skill level 5 in Evocations
  6413 | D:6      | Learned a level 2 spell: Ensorcelled Hibernation
  6426 | D:7      | Found Dienlonk's Antique Armour Boutique.
  6603 | D:7      | Reached skill level 1 in Hexes
  6606 | D:7      | Reached skill level 1 in Ice Magic
  6788 | D:7      | Noticed Pikel
  6792 | D:7      | Killed Pikel
  6793 | D:7      | Reached skill level 5 in Hexes
  6793 | D:7      | Reached XP level 9. HP: 61/61 MP: 12/12
  6940 | D:7      | Found the amulet of Elemental Vulnerability {rPois rF--
                  | rC-- AC+8}
  7064 | D:7      | Noticed Maggie
  7068 | D:7      | Killed Maggie
  7324 | D:5      | Bought a scroll of identify for 26 gold pieces
  7455 | D:7      | Found a staircase to the Ecumenical Temple.
  7469 | Temple   | Entered the Ecumenical Temple
  7540 | Temple   | Became a worshipper of Ashenzari the Shackled
  8662 | D:9      | Reached skill level 10 in Short Blades
  8789 | D:9      | Noticed a fire crab
  8938 | D:9      | Noticed a two-headed ogre
  8950 | D:9      | Noticed a gargoyle
  9020 | D:9      | Killed a gargoyle
  9027 | D:9      | Killed a two-headed ogre
  9223 | D:9      | Reached * piety under Ashenzari
  9331 | D:9      | Found a staircase to the Lair.
  9502 | D:9      | Killed a fire crab
  9503 | D:9      | Reached skill level 5 in Dodging
  9503 | D:9      | Reached XP level 10. HP: 55/68 MP: 13/13
  9779 | D:10     | Entered Level 10 of the Dungeon
  9793 | D:10     | Reached skill level 1 in Armour
  9812 | D:10     | Noticed a stone giant
  9832 | D:10     | Killed a stone giant
  9836 | D:10     | Noticed a manticore
 10383 | D:5      | Bought a wand of roots (4) for 172 gold pieces
 10664 | D:10     | Noticed a gargoyle
 10901 | D:10     | Reached skill level 1 in Shields
 11036 | D:10     | Reached ** piety under Ashenzari
 11731 | D:1      | Bought 2 throwing nets for 66 gold pieces
 11864 | Lair:1   | Entered Level 1 of the Lair of Beasts
 11913 | Lair:1   | Reached XP level 11. HP: 75/78 MP: 15/15
 11983 | Lair:1   | Noticed a skyshark
 11992 | Lair:1   | Killed a skyshark
 12437 | Lair:1   | Reached skill level 10 in Hexes
 12464 | Lair:1   | Noticed a catoblepas
 12719 | Lair:1   | You fall into a shaft and drop 1 floor!
 12997 | Lair:1   | Reached *** piety under Ashenzari
 13571 | Lair:2   | Noticed Urug
 14164 | Lair:2   | Reached **** piety under Ashenzari
 14239 | Lair:2   | Reached skill level 10 in Stealth
 14390 | Lair:2   | Found a staircase to the Snake Pit.
 14754 | Lair:2   | Found a staircase to the Shoals.
 15160 | Lair:3   | Noticed Gastronok
 15271 | Lair:3   | Reached XP level 12. HP: 87/87 MP: 5/20
 15637 | Lair:3   | Found a transporter.
 15875 | Lair:3   | Noticed a five-headed hydra
 15882 | Lair:3   | Noticed Teddeol's ghost (journeyman NaRe)
 15955 | Lair:3   | Noticed a four-headed hydra
 15979 | Lair:3   | Found a transporter.
 16461 | D:7      | Bought a polished scarf for 240 gold pieces
 16461 | D:7      | Identified the scarf of Pilysm {harm, rPois rC- rCorr
                  | Str+6} (You bought it in a shop on level 7 of the Dungeon)
 16939 | Lair:4   | Found a staircase to the Slime Pits.
 18030 | Lair:4   | Found a large runed translucent door.
 18030 | Lair:4   | Found a large runed translucent door.
 18034 | Lair:4   | Noticed Nyzic's ghost (journeyman TrMo)
 18647 | Lair:4   | Reached XP level 13. HP: 93/93 MP: 14/22
 18800 | Lair:5   | Entered Level 5 of the Lair of Beasts
 19123 | Lair:5   | Found a runed translucent gate.
 19123 | Lair:5   | Found a runed translucent gate.
 19123 | Lair:5   | Found a runed translucent gate.
 19123 | Lair:5   | Found a viscous altar of Jiyva.
 19123 | Lair:5   | Noticed an azure jelly
 19123 | Lair:5   | Noticed hawkwood's ghost (journeyman DgAr)
 19123 | Lair:5   | Noticed an acid blob
 19123 | Lair:5   | Noticed an azure jelly
 19123 | Lair:5   | Noticed an acid blob
 19123 | Lair:5   | Identified the Grimoire of the Productive Winter
 19123 | Lair:5   | Noticed an azure jelly
 19132 | Lair:5   | Learned a level 2 spell: Searing Ray
 19139 | Lair:5   | Learned a level 5 spell: Silence
 19245 | Lair:5   | Reached skill level 1 in Air Magic
 19706 | Lair:5   | Reached skill level 5 in Air Magic
 20119 | Lair:5   | Reached ***** piety under Ashenzari
 20450 | Lair:5   | Reached skill level 15 in Hexes
 21094 | Lair:5   | Reached skill level 5 in Fighting
 21363 | Lair:5   | Reached skill level 5 in Shields
 21395 | Lair:5   | Found a corrupted altar of Lugonu.
 21395 | Lair:5   | Found a one-way gate to the infinite horrors of the Abyss.
 22123 | Lair:2   | Killed Urug
 22315 | D:11     | Found a frozen archway.
 22661 | IceCv    | Entered an ice cave
 22706 | IceCv    | Identified the +1 shortbow of the Genius {freeze, rPois rF+
                  | Dex-2}
 22707 | IceCv    | Identified the +11 sling of Bimp {flame, Fragile +Blink
                  | Int+5}
 22946 | D:11     | Reached XP level 14. HP: 108/108 MP: 21/24
 23105 | D:11     | Identified the scarf of the Moon Troll {rC+ rF+, rPois
                  | Will++ Dex-4}
 23282 | D:11     | Reached skill level 5 in Armour
 23378 | D:11     | Reached skill level 10 in Dodging
 23422 | D:11     | Found a staircase to the Orcish Mines.
 25353 | D:13     | Learned a level 2 spell: Passwall
 25412 | D:13     | Reached skill level 1 in Transmutations
 25470 | D:13     | Reached skill level 1 in Earth Magic
 26335 | D:14     | Found Baoh's General Store.
 26820 | D:14     | Noticed Agnes
 26827 | D:14     | Killed Agnes
 26926 | D:14     | Found Feotoos's CLEARANCE SALE!.
 27269 | D:15     | Entered Level 15 of the Dungeon
 27817 | D:15     | Reached XP level 15. HP: 113/113 MP: 22/25
 28809 | D:15     | Found a staircase to the Depths.
 29392 | D:13     | Reached skill level 10 in Shields
 29687 | Orc:1    | Entered Level 1 of the Orcish Mines
 29823 | D:5      | Bought the +5 kite shield of the Sacrificial Victim {Will+}
                  | for 463 gold pieces
 30205 | Orc:2    | Entered Level 2 of the Orcish Mines
 30335 | Orc:2    | Found a staircase to the Elven Halls.
 30578 | Orc:2    | Found Sualemoa's Antique Armour Shoppe.
 30812 | Orc:1    | Found a transporter.
 30821 | Orc:1    | Noticed duckroller's ghost (journeyman HOMo)
 30972 | Orc:1    | Found a transporter.
 30975 | Orc:1    | Identified the ring of Suspected Treachery {rPois rC+ MP+9
                  | Str-4 Dex+6}
 31213 | Orc:2    | Found Qishin's Armour Shop.
 31398 | Orc:2    | Noticed Saint Roka
 31419 | Orc:2    | Killed Saint Roka
 31716 | Orc:2    | Found Mam Bapiu's Antique Armour Shoppe.
 31737 | Orc:2    | Found Nuiskaz's Antique Weapon Emporium.
 31748 | Orc:2    | Bought a glowing rapier for 175 gold pieces
 31748 | Orc:2    | Bought a runed rapier for 175 gold pieces
 31929 | Shoals:1 | Entered Level 1 of the Shoals
 32566 | Shoals:1 | Reached skill level 15 in Short Blades
 32848 | Shoals:1 | Noticed a kraken
 33643 | Shoals:2 | Reached XP level 16. HP: 120/120 MP: 23/26
 34257 | Shoals:2 | Found a hide-covered altar of Uskayaw.
 34482 | Shoals:2 | Identified the +7 longbow of Harmony {speed, Fragile rCorr
                  | Int+4}
 34559 | Shoals:2 | Identified the +0 arbalest of Tobappye {penet, rN+ Int+3
                  | Dex+4}
 34762 | Shoals:3 | Noticed Ilsuiw
 34963 | Shoals:2 | Killed Ilsuiw
 35283 | Shoals:3 | Found a transporter.
 35936 | Shoals:3 | Found a transporter.
 35946 | Shoals:3 | Noticed Polyphemus
 36116 | Shoals:3 | Killed Polyphemus
 36469 | D:13     | Found a gate to the Vaults.
 36759 | Lair:3   | Killed Teddeol's ghost
 36958 | Lair:4   | Killed Nyzic's ghost
 37213 | Lair:3   | Killed Gastronok
 37792 | Shoals:1 | Killed a kraken
 37929 | Shoals:4 | Entered Level 4 of the Shoals
 38551 | Shoals:4 | Reached XP level 17. HP: 133/133 MP: 28/28
 38711 | Shoals:4 | Noticed Mara
 38719 | Shoals:4 | Noticed LordWeiramon's illusion
 38726 | Shoals:4 | Killed Mara
 38792 | Shoals:4 | Identified the ring of Hioduac {*Corrode Dex+4 SInv}
 38858 | Shoals:4 | Reached skill level 15 in Stealth
 38918 | Shoals:4 | Identified the +1 helmet of Serueman {Harm rPois Str-2
                  | Int-5}
 38930 | Shoals:4 | Got a barnacled rune of Zot
 39036 | Shoals:4 | Found the necklace of Bloodlust {Fury *Rage Will++ Int-3
                  | Slay+6}
 39036 | Shoals:4 | Identified the +7 ring mail of Nejonoup {rF+}
 39050 | Shoals:4 | Identified the +5 mace of Neurosis {speed, Drain rPois
                  | Str-2 Dex+9}
 39281 | Snake:1  | Entered Level 1 of the Snake Pit
 39370 | Snake:1  | Noticed Aizul
 39513 | Lair:2   | Killed Aizul
 39753 | Snake:1  | Noticed Frances
 39764 | Snake:1  | Killed Frances
 39821 | Snake:1  | Noticed Kirke
 39889 | Snake:1  | Killed Kirke
 40093 | Snake:1  | Noticed Donald
 40099 | Snake:1  | Killed Donald
 42417 | Snake:3  | Reached XP level 18. HP: 138/138 MP: 28/28
 43425 | Snake:4  | Entered Level 4 of the Snake Pit
 44001 | Snake:4  | Learned a level 3 spell: Tukima's Dance
 44137 | Snake:4  | Noticed Mlioglotl
 44169 | Snake:4  | Found Yteic's Book Shop.
 44184 | Snake:4  | Identified the ring "Haaryppe" {rElec Str+2 Dex+3 Slay+4}
 44232 | Snake:4  | Killed Mlioglotl
 44753 | Snake:4  | Learned a level 1 spell: Apportation
 44868 | Snake:4  | Got a serpentine rune of Zot
 45178 | D:7      | Bought the -2 hat of the Alchemist {rElec rPois rF+ rC+ rN+
                  | Will+ rMut rCorr} for 1132 gold pieces
 45178 | D:7      | Found the -2 hat of the Alchemist {rElec rPois rF+ rC+ rN+
                  | Will+ rMut rCorr}
 45427 | Orc:1    | Killed duckroller's ghost
 45502 | Elf:1    | Entered Level 1 of the Elven Halls
 46346 | Elf:1    | Found Zoanod's Antique Armour Shop.
 46602 | Elf:1    | Paralysed by an air elemental for 1 turns
 46716 | Elf:1    | Identified the Exposition on Power
 47082 | Elf:2    | Found a gateway to a bazaar.
 47194 | Elf:2    | Identified the +5 dagger of Heosuega {protect, rN+}
 47314 | Elf:2    | Reached XP level 19. HP: 144/144 MP: 29/29
 47347 | Elf:2    | Reached skill level 10 in Armour
 47381 | Elf:2    | Found a runed translucent gate.
 47383 | Elf:2    | Found a runed translucent gate.
 47383 | Elf:2    | Found a runed translucent gate.
 47759 | Elf:2    | Reached skill level 15 in Dodging
 48489 | Elf:3    | Entered Level 3 of the Elven Halls
 49369 | Elf:3    | Identified the +8 flail of Cuipner {flame, rF+ SInv}
 49659 | Elf:3    | Identified the +7 falchion of Maurol {pain, Will+}
 49967 | Elf:3    | Identified the ring of Qeesa {Ice Dex+5}
 50203 | Elf:3    | Identified the ring of Qiebryjuc {rC+ EV+5 Str+4 Stlth+}
 50382 | Elf:3    | Identified the +2 chain mail of Fortitude {rN+ Str+5}
 50383 | Elf:3    | Identified the Compilation of the Gift and Wicked Rituals
 50385 | Elf:3    | Identified the Grimoire of the Undead
 50403 | Elf:3    | Identified the Secrets of the Vector and the Quarry
 50695 | Vaults:1 | Entered Level 1 of the Vaults
 50819 | D:5      | Bought a +2 pair of gloves for 181 gold pieces
 51078 | Vaults:1 | Reached XP level 20. HP: 152/152 MP: 24/29
 51100 | Vaults:1 | Found the ring of the Octopus King {rN+ HP+2 AC+2 EV+2
                  | SH+2}
 51100 | Vaults:1 | Found the ring of the Octopus King {rN+ HP+2 AC+2 EV+2
                  | SH+2}
 51302 | Vaults:1 | Reached skill level 10 in Fighting
 52269 | Vaults:1 | Identified a scroll of acquirement
 52276 | Vaults:1 | Acquired 752 gold pieces
 52334 | Vaults:1 | Identified the +0 scale mail of Distant Worlds {rC+ Int+2}
 52357 | Vaults:1 | Found Zereisk's Jewellery Shop.
 53028 | Vaults:2 | Found Vemicy's Weapon Emporium.
 54169 | Vaults:3 | Reached skill level 15 in Shields
 54555 | Vaults:3 | Noticed a bone dragon
 54556 | Vaults:3 | Found a staircase to the Crypt.
 54584 | Vaults:3 | Killed a bone dragon
 54626 | Vaults:3 | Identified the +0 scale mail "Bemaax" {MP+9 Int+3 Stlth+}
 54762 | Vaults:3 | Reached XP level 21. HP: 164/164 MP: 31/31
 55987 | Vaults:4 | Noticed Frederick
 56014 | Vaults:4 | Killed Frederick
 56021 | Vaults:4 | Identified the ring of Okawaru's Reproof {rPois Int-4 Dex+3
                  | SInv Stlth+}
 56192 | Vaults:4 | Identified the +0 hat of Asceticism {Str+3}
 56326 | Vaults:4 | Found a runed translucent door.
 56333 | Vaults:4 | Identified the ring of Perfectionism {Will+ rCorr Dex+3}
 56404 | Vaults:4 | Found a magical portal.
 56417 | WizLab   | Entered Iskenderun's Mystic Tower
 57216 | WizLab   | Identified the +0 robe "Beshucor" {Drain rN+ Str+6 Stlth+}
 57320 | WizLab   | Identified Iskenderun's Notes on the Missiles
 57320 | WizLab   | Identified Iskenderun's Reference Book on Combat Magic
 57337 | WizLab   | Identified the Catalogue of Hexing
 57481 | Vaults:4 | Found Muhanosm's Book Boutique.
 57524 | Vaults:4 | Bought a manual of Short Blades for 1360 gold pieces
 57932 | Vaults:4 | Found Qischos's Magic Scroll Shoppe.
 58431 | Vaults:4 | Found Teer's Jewellery Boutique.
 58905 | Lair:5   | Killed hawkwood's ghost
 59123 | Shoals:3 | Reached XP level 22. HP: 144/171 MP: 32/32
 59386 | Depths:1 | Entered Level 1 of the Depths
 59814 | Depths:1 | Noticed a golden dragon
 60052 | Depths:1 | Found a gateway to Hell.
 60196 | Depths:1 | Noticed a juggernaut
 60277 | Depths:1 | Found a one-way gate leading to the halls of Pandemonium.
 61106 | Snake:4  | Bought a manual of Dodging for 1360 gold pieces
 61485 | Depths:1 | Killed a juggernaut
 61599 | Depths:1 | Identified Feen's Folio of Moulding
 61752 | Depths:1 | Killed a golden dragon
 62394 | Depths:2 | Acquired 574 gold pieces
 62654 | Depths:2 | Found a one-way gateway to a ziggurat.
 63435 | Depths:3 | Noticed Grunn
 63551 | Depths:3 | Killed Grunn
 63727 | Depths:3 | Reached XP level 23. HP: 177/177 MP: 33/33
 64479 | Depths:3 | Found Lioxur's Book Shoppe.
 64480 | Depths:3 | Found Tett's Jewellery Boutique.
 64480 | Depths:3 | Found Ximam's Jewellery Boutique.
 64706 | Depths:3 | Identified the ring of Cucw {Ice Will+ SInv}
 64706 | Depths:3 | Noticed Josephina
 64711 | Depths:3 | Killed Josephina
 64973 | Depths:4 | Entered Level 4 of the Depths
 65360 | Depths:4 | Found an ancient bone altar of Kikubaaqudgha.
 65812 | Depths:4 | Found a radiant altar of Vehumet.
 65956 | Depths:4 | Identified the +1 robe of Cangefup {rPois Will+ Regen+
                  | SInv}
 66474 | Depths:4 | Identified the +1 hat of Yzoiva {rF+ rC++ Int+3}
 66577 | Depths:4 | Found a gate to the Realm of Zot.
 67000 | Depths:4 | Found a shadowy altar of Dithmenos.
 67000 | Depths:4 | Identified the orb "Feususoch" {light, rElec rPois}
 67571 | Depths:3 | Noticed a caustic shrike
 67571 | Depths:3 | Noticed a juggernaut
 67596 | Depths:4 | Killed a juggernaut
 67624 | Depths:4 | Killed a caustic shrike
 67794 | Depths:3 | Reached XP level 24. HP: 193/196 MP: 32/33
 68281 | Bazaar   | Entered a bazaar
 68288 | Bazaar   | Found Pollo's Armour Shop.
 68302 | Bazaar   | Found Ciojuf's Magic Scroll Boutique.
 68316 | Bazaar   | Found Doof Sut's Armour Shop.
 68344 | Bazaar   | Found Nalour's Magic Scroll Shop.
 68358 | Bazaar   | Found Goasix's Jewellery Boutique.
 68478 | Bazaar   | Bought the +1 pair of boots "Xogesk" {Fly rN+ Will+ Int-2}
                  | for 435 gold pieces
 68498 | Bazaar   | Bought a scroll of enchant armour for 82 gold pieces
 68498 | Bazaar   | Bought a scroll of fog for 44 gold pieces
 68498 | Bazaar   | Bought a scroll of enchant armour for 82 gold pieces
 68498 | Bazaar   | Bought a scroll of enchant armour for 82 gold pieces
 68498 | Bazaar   | Bought a scroll of fear for 44 gold pieces
 68537 | Bazaar   | Bought a scroll of blinking for 82 gold pieces
 68537 | Bazaar   | Bought a scroll of fog for 44 gold pieces
 68537 | Bazaar   | Bought a scroll of fog for 44 gold pieces
 68829 | Vaults:5 | Entered Level 5 of the Vaults
 68921 | Vaults:5 | Reached skill level 15 in Fighting
 69463 | Vaults:5 | Identified the ring of Keroimp {Fire rPois}
 70000 | Vaults:5 | Noticed Bai Suzhen
 70063 | Vaults:5 | Killed Bai Suzhen
 70123 | Vaults:5 | Identified the staff of conjuration "Rasom" {Will+}
 70125 | Vaults:5 | Identified the Textbook on Nocuous Lightning
 70127 | Vaults:5 | Identified the +1 chain mail of the Shining Light {Fly rF+
                  | rC- Dex+3}
 70142 | Vaults:5 | Identified the +7 shortbow "Spiderslayer" {elec, rC+ Str+3
                  | Stlth+}
 70143 | Vaults:5 | Identified Ysaefos's Secrets of Roasted Execration
 71566 | Vaults:5 | Noticed a dread lich
 71583 | Vaults:5 | Killed a dread lich
 71584 | Vaults:5 | Reached skill level 15 in Armour
 71677 | Vaults:5 | Identified the +1 morningstar of a bailey {heavy, rF+ SInv}
 71842 | Vaults:5 | Identified the Cyclopedia of Permutations and Contaminants
 71945 | Vaults:5 | Got a silver rune of Zot
 73059 | D:5      | Bought a potion of flight for 39 gold pieces
 73059 | D:5      | Bought a scroll of teleportation for 39 gold pieces
 73059 | D:5      | Bought a wand of acid (6) for 327 gold pieces
 73076 | D:5      | Bought a potion of heal wounds for 90 gold pieces
 73076 | D:5      | Bought a potion of haste for 180 gold pieces
 73076 | D:5      | Bought a scroll of teleportation for 54 gold pieces
 73076 | D:5      | Bought a glowing hat for 126 gold pieces
 73241 | D:14     | Bought a scroll of enchant armour for 105 gold pieces
 73241 | D:14     | Bought a potion of flight for 42 gold pieces
 73241 | D:14     | Bought a potion of brilliance for 56 gold pieces
 73411 | Vaults:4 | Bought a scroll of fog for 56 gold pieces
 73411 | Vaults:4 | Bought a scroll of poison for 56 gold pieces
 73411 | Vaults:4 | Bought a scroll of teleportation for 42 gold pieces
 73411 | Vaults:4 | Bought a scroll of teleportation for 42 gold pieces
 73411 | Vaults:4 | Bought a scroll of magic mapping for 105 gold pieces
 73732 | Zot:1    | Entered Level 1 of the Realm of Zot
 73779 | Zot:1    | Reached XP level 25. HP: 134/202 MP: 30/32
 75302 | Zot:2    | Found a transporter.
 75302 | Zot:2    | Found a transporter.
 75304 | Zot:2    | Found a transporter.
 75524 | Zot:2    | Found a transporter.
 79037 | Zot:4    | Noticed an ancient lich
 79055 | Zot:4    | Killed an ancient lich
 79057 | Zot:4    | Noticed a dread lich
 79066 | Zot:4    | Killed a dread lich
 79162 | Zot:4    | Identified the ring of Wabodal {rC++ AC+4 Str-5 Int+4}
 79313 | Zot:4    | Reached XP level 26. HP: 219/219 MP: 29/33
 79716 | Zot:5    | Entered Level 5 of the Realm of Zot
 79868 | Zot:5    | Noticed an orb of fire
 79871 | Zot:5    | Killed an orb of fire
 80341 | Zot:5    | Noticed an ancient lich
 80366 | Zot:5    | Killed an ancient lich
 80367 | Zot:5    | Noticed an ancient lich
 80385 | Zot:5    | Killed an ancient lich
 80466 | Zot:5    | Noticed an orb of fire
 80471 | Zot:5    | Gained mutation: Your spells are a little easier to cast,
                  | but a little less powerful. [an orb of fire]
 80491 | Zot:5    | Gained mutation: Your spells are easier to cast, but less
                  | powerful. [an orb of fire]
 80495 | Zot:5    | Killed an orb of fire
 80514 | Zot:5    | Noticed an orb of fire
 80547 | Zot:5    | Killed an orb of fire
 81205 | Zot:5    | Noticed an orb of fire
 81216 | Zot:5    | Noticed an orb of fire
 81229 | Zot:5    | Killed an orb of fire
 81254 | Zot:5    | Killed an orb of fire
 81266 | Zot:5    | Noticed a dread lich
 81266 | Zot:5    | Noticed an orb of fire
 81279 | Zot:5    | Killed a dread lich
 81287 | Zot:5    | Killed an orb of fire
 81473 | Zot:5    | Noticed an orb of fire
 81497 | Zot:5    | Killed an orb of fire
 81900 | Zot:5    | Got the Orb of Zot
 81966 | Zot:4    | Noticed Hooc the pandemonium lord
 81969 | Zot:4    | Killed Hooc the pandemonium lord
 82012 | Zot:3    | Noticed Syoqe the pandemonium lord
 82103 | Depths:4 | Noticed Eddait the pandemonium lord
 82318 | D:11     | Noticed Hodazik the pandemonium lord
 82475 | D:$      | Escaped with the Orb!

Illustrated notes

Levels and vault maps discovered:
D:1:      dpeg_arrival_pond, layout_basic,
          dreamdust_ecumenical_altar_sealed_demon, serial_shops,
          nicolae_shop_mannequins, shop
D:2:      layout_rooms, dreamdust_mushroom_princess, uniq_terence
D:3:      kennysheep_goblin_castle, layout_basic,
          nicolae_ru_sacrificial_ziggurat, uniq_jessica
D:4:      layout_rooms, zin_statuary
D:5:      cheibrodos_thug_alley, layout_rooms, nicolae_uskayaw_dance_hall,
          serial_shops, shop, shop_fountains, nicolae_shop_statue_plus, shop,
          shop, uniq_blork_the_orc
D:6:      layout_basic, corexii_corridor_pit
D:7:      layout_loops_cross, temple_green, serial_shops, shop, uniq_pikel,
          uniq_maggie
D:8:      layout_loops_ring
D:9:      layout_layer_cave, minmay_lair_entry_lava, kennysheep_big_empty_room,
          nrook_campfire
D:10:     layout_cross, kennysheep_island_fort
D:11:     layout_cave_pods, orc_0_dummy, serial_ice, serial_ice_k, serial_ice_b,
          serial_ice_o, serial_ice_e, serial_ice_n, serial_ice_d, serial_ice_c,
          serial_ice_h, portal_ice_cave_entry_ice_simulacra
D:12:     layout_loops_ring, serial_glass, glass_columns_a, glass_columns_a
D:13:     layout_small_grid, erik_vaults_1, kennysheep_generic_room_9
D:14:     layout_basic, serial_shops, nicolae_shop_window_shopping,
          solitary_fountain, nicolae_shop_clearance, uniq_agnes
D:15:     grunt_enter_depths_magical_seal, layout_layer_cave, serial_rivers,
          chequers_serial_rivers_marsh, chequers_serial_rivers_large_b,
          chequers_serial_rivers_room_b, chequers_serial_rivers_small_3
Temple:   hellmonk_temple_of_storms
Lair:1:   layout_cave_pods, lemuel_old_faithful, infiniplex_staircase_pool,
          lemuel_fruit_tree
Lair:2:   layout_gridlike, elwin_shoals_entry_rocks,
          guppyfry_snake_entry_island, serial_bayou, serial_bayou_lagoon_b,
          serial_bayou_pond_a, serial_bayou_ford_a, serial_bayou_lagoon_a,
          uniq_urug
Lair:3:   layout_regular_city, gammafunk_ghost_berserking_beasts,
          serial_bayou_shore_b, grunt_megastairs_2, uniq_gastronok
Lair:4:   layout_concentric_octagons, nicolae_slime_entry_slimehenge,
          ebering_ghost_disaster_area
Lair:5:   hellmonk_lair_end_abyssal_woods, layout_loops_ring,
          gammafunk_ghost_ooze, grunt_megastairs_3, infiniplex_staircase_pool_2
Shoals:1: layout_shoals
Shoals:2: layout_shoals, regret_index_shoals_crete
Shoals:3: gammafunk_sealed_arena, layout_shoals, uniq_ilsuiw, uniq_polyphemus
Shoals:4: shoals_end_hellmonk_lost_city, uniq_mara
Snake:1:  layout_cave_pods, st_stairs_9, nicolae_triple_integral, uniq_kirke,
          uniq_frances, uniq_aizul, uniq_donald
Snake:2:  layout_gridlike, st_stairs_11, serial_bayou_pond_e,
          nicolae_snake_bzzzt
Snake:3:  layout_basic, nrook_guardian_serpent_double
Snake:4:  hellmonk_snake_rune_quicksilver_temple, layout_gridlike, serial_shops,
          shop, guppyfry_library_mini, uniq_mlioglotl
Orc:1:    layout_caves, gammafunk_ghost_stat_death, minmay_orc_keep
Orc:2:    grunt_orc_community_town_hall, layout_diamond_mine,
          grunt_orc_community_big_house_2, grunt_orc_community_big_house_1,
          grunt_orc_community_house_2, grunt_orc_community_house_2,
          grunt_orc_community_house_3, grunt_orc_community_house_3,
          grunt_orc_community_house_1, basic_altar
Elf:1:    layout_loops_corners, serial_shops, shop, minmay_elf_annihilation
Elf:2:    nicolae_elf_blades_crystal_corner, layout_geoelf_octagon,
          serial_shops, bzr_entry_water
Elf:3:    minmay_elf_hall_quartered_circle, layout_rooms, grunt_ministairs_5,
          grunt_megastairs_4
Vaults:1: nicolae_vaults_arrows, vaults_mumra_lcd, nicolae_vaults_sightless_eye,
          hangedman_vaults_unwind, ontoclasm_vaults_idyll,
          nicolae_vaults_house_3, vaults_room_pools,
          nicolae_vaults_halls_meeting, nicolae_vaults_trapezoid_4,
          layout_vaults_maze_snakey, serial_shops, nicolae_shop_trees
Vaults:2: nicolae_vaults_sesquioval_fish, v_pattern_5, v_misc_30,
          nicolae_vaults_storage_closets_2, nicolae_vaults_variable_pillar_hall,
          dpeg_vaults_monster_box, nicolae_vaults_shelves_hall,
          layout_vaults_quadrants
Vaults:3: hangedman_vaults_cutoff, v_pattern_1,
          vaults_room_grunt_arrival_ludios, ontoclasm_vaults_tryst,
          nicolae_vaults_house_1, nicolae_vaults_bisected_exclaves,
          grunt_vaults_funnel, v_misc_27, minmay_crypt_entry_nasty_monster,
          nicolae_vaults_little_ls, hangedman_vaults_corner_blocks,
          ontoclasm_vaults_hangar, nicolae_vaults_little_squares_6,
          serial_ice_g, vaults_dpeg_ring, layout_vaults_chaotic_city
Vaults:4: mu_enter_wizlab_5, nicolae_vaults_oozy_zoo,
          nicolae_vaults_more_shelving_2, nicolae_vaults_rhombus_5,
          hangedman_vaults_capsules, vaults_mumra_hex,
          nicolae_vaults_frosty_reception, nicolae_vaults_little_squares_3,
          v_misc_4, nicolae_vaults_tetromino_T_2, nicolae_vaults_six-pack,
          layout_vaults_ring, serial_shops, shop, shop_statue, shop,
          uniq_frederick, uniq_saint_roka
Vaults:5: serial_shops, uniq_bai_suzhen
Depths:1: minmay_the_grid_square_5x5_5x5_mashed
          [minmay_the_grid_square_5x5_minibox,
          minmay_the_grid_square_5x5_percent,
          minmay_the_grid_square_5x5_inner_v, minmay_the_grid_square_5x5_seven,
          minmay_the_grid_square_5x5_n, minmay_the_grid_square_5x5_z,
          minmay_the_grid_square_5x5_prize_rear_guard,
          minmay_the_grid_square_5x5_minivault,
          minmay_the_grid_square_5x5_prize_gold,
          minmay_the_grid_square_5x5_minimal,
          minmay_the_grid_square_5x5_broken_cross,
          minmay_the_grid_square_5x5_six_small,
          minmay_the_grid_square_5x5_prize_junk,
          minmay_the_grid_square_5x5_checkered,
          minmay_the_grid_square_5x5_almost_minimal,
          minmay_the_grid_square_5x5_forky,
          minmay_the_grid_square_5x5_prize_deathbox,
          minmay_the_grid_square_5x5_doubleslash,
          minmay_the_grid_square_5x5_prize_pseudospiral,
          minmay_the_grid_square_5x5_checkered_sparse,
          minmay_the_grid_square_5x5_spiral_small,
          minmay_the_grid_square_5x5_tetrominoes,
          minmay_the_grid_square_5x5_dogpile,
          minmay_the_grid_square_5x5_inverted_slash,
          minmay_the_grid_square_5x5_fancy_junction], layout_gridlike,
          amcnicky_mini_pool_small, serial_co_window_serial, co_window_paths_a,
          co_window_of_opportunity_a, co_window_of_opportunity_a,
          co_window_of_opportunity_a, co_window_paths_b, co_window_paths_a,
          co_window_2corner, co_window_2corner, co_window_2corner,
          co_window_broadway_b, co_window_4corner_a, glass_columns_c,
          glass_columns_b, rand_demon_pan_entry_1, hell_entry, hex_tiny
Depths:2: nicolae_BIG_FREAKIN_CUBE, layout_long_grid, enter_ziggurat_e,
          rand_demon_pan_entry_5, pf_coc_iceberg, abyss_entry_crystal
Depths:3: minmay_connected_triangles_in_corner, layout_gridville,
          glass_columns_a, pan_entry, abyss_entry_glasseish,
          nicolae_hell_entry_hellmouth_sunbeams, elyvilon_altar_1,
          minmay_shop_grove, uniq_grunn, uniq_josephina
Depths:4: grunt_profane_halls [grunt_profane_temple_dis,
          grunt_profane_temple_coc, grunt_profane_temple_tar,
          grunt_profane_temple_geh, grunt_zot_portal], abyss_entry, hell_entry
Zot:1:    layout_onion_interference
Zot:2:    layout_onion_interference, nicolae_diode_quadrants
Zot:3:    layout_gridlike
Zot:4:    hangedman_snap_crack_crunch, layout_concentric_octagons
Zot:5:    layout_basic

Skill      XL: |  1  2  3  4  5  6  7  8  9 10 11 12 13 14 15 16 17 18 19 20 21 22 23 24 25 26 |
---------------+-------------------------------------------------------------------------------+-----
Short Blades   | 1 2 3 4 5 6 8 10 12 14 15 20 23 24 | 24.4
Fighting       | 1 2 5 6 8 10 14 15 17 19 | 19.6
Evocations     | 2 4 5 |  5.0
Throwing       | 1 3 |  3.0
Hexes          | 5 8 12 14 15 16 17 | 17.7
Ice Magic      | 3 4 |  4.0
Stealth        | 6 7 10 13 21 24 | 24.0
Dodging        | 5 8 9 13 14 18 22 23 24 | 24.5
Armour         | 4 5 7 9 10 15 17 | 17.9
Shields        | 4 6 8 10 12 15 16 | 16.0
Spellcasting   | 3 4 |  4.0
Air Magic      | 6 8 |  8.0
Transmutations | 1 |  1.4
Earth Magic    | 1 |  1.3
Conjurations   | |  0.6
Fire Magic     | |  2.4

Action                     |  1- 3 |  4- 6 |  7- 9 | 10-12 | 13-15 | 16-18 | 19-21 | 22-24 | 25-27 || total
---------------------------+-------+-------+-------+-------+-------+-------+-------+-------+-------++-------
  Melee: Dagger            |    58 |   119 |   398 |   502 |       |       |       |       |       ||  1077
         Bite              |    11 |    14 |    65 |   126 |   282 |   364 |   434 |   666 |   385 ||  2347
         Unarmed           |    21 |       |       |       |       |       |       |       |       ||    21
         Short sword       |     3 |    11 |       |       |       |       |       |       |       ||    14
         Punch             |       |     2 |     5 |     1 |       |       |       |       |       ||     8
         Rapier            |       |       |       |   381 |  1772 |  1865 |  2018 |  2775 |  1546 || 10357
  Throw: Dart              |       |    14 |    35 |    21 |    41 |    19 |    19 |     6 |    19 ||   174
         Throwing net      |       |       |       |       |     3 |    19 |     2 |     3 |     2 ||    29
   Cast: Foxfire           |    43 |    34 |    10 |     1 |       |       |       |       |       ||    88
         Ensorcelled Hiber |       |       |     9 |   159 |   179 |   162 |    17 |     1 |       ||   527
         Silence           |       |       |       |       |    17 |    24 |    40 |    34 |     9 ||   124
         Passwall          |       |       |       |       |     3 |     8 |     1 |     7 |     1 ||    20
 Invoke: Curse Item        |       |       |     2 |     6 |     2 |     3 |     2 |     1 |     2 ||    18
         Shatter the Chain |       |       |       |     1 |     2 |     3 |     1 |     2 |       ||     9
  Evoke: Wand              |       |     9 |    39 |    25 |     9 |    20 |     3 |     9 |     4 ||   118
         Lightning rod     |       |       |       |       |    11 |     8 |    13 |     3 |       ||    35
         Phantom mirror    |       |       |       |       |     4 |     1 |     1 |       |       ||     6
         Phial of floods   |       |       |       |       |     1 |     1 |     1 |       |       ||     3
         Box of beasts     |       |       |       |       |       |     2 |       |       |       ||     2
         Condenser vane    |       |       |       |       |       |       |     2 |     3 |       ||     5
    Use: Scroll            |     6 |     3 |     9 |     6 |     4 |     5 |     3 |     9 |     9 ||    54
         Potion            |       |       |     5 |     2 |     9 |     3 |     2 |     2 |    13 ||    36
   Stab: Sleeping          |     5 |     8 |    11 |    78 |   188 |   159 |   121 |    42 |    36 ||   648
         Distracted        |     1 |       |       |     3 |     8 |     9 |    11 |    20 |     3 ||    55
         Betrayed ally     |       |       |     1 |       |       |       |       |       |       ||     1
         Held in net/web   |       |       |       |       |     4 |    17 |     2 |     3 |     2 ||    28
         Invisible         |       |       |       |       |     3 |       |     6 |       |    10 ||    19
 Armour: Robe              |    17 |    13 |    33 |       |       |       |       |       |       ||    63
         Acid dragon scale |       |       |    33 |   191 |   274 |   114 |    66 |   118 |    86 ||   882
  Dodge: Dodged            |    44 |    52 |   100 |   314 |   808 |   513 |   496 |   787 |   582 ||  3696
  Block: Buckler           |       |       |       |   112 |   261 |       |       |       |       ||   373
         Kite shield       |       |       |       |       |   403 |  1115 |   925 |  1266 |   759 ||  4468
